 Dungeon Crawl Stone Soup version 0.17-a0-2093-gc772f4b (webtiles) character file.

840 Ordine the Skirmisher (level 8, -4/58 HPs)
             Began as an Octopode Fighter on Oct 16, 2015.
             Shot themself with a bolt of lightning (5 damage)
             ... on level 4 of the Dungeon.
             The game lasted 00:18:41 (5100 turns).

Ordine the Skirmisher (Octopode Fighter)            Turns: 5100, Time: 00:18:41

Health: -4/58      AC:  1    Str: 15    XL:     8   Next: 0%
Magic:  8/8        EV: 11    Int: 15    God:
Gold:   266        SH: 10    Dex: 14    Spells: 0 memorised, 7 levels left

rFire  + . .     SeeInvis .     a - +0 long sword
rCold  + . .     Clarity  .     b - +1 shield
rNeg   . . .     SustAt   .     (helmet restricted)
rPois  +         Gourm    .     (no amulet)
rElec  +         Spirit   .     (no ring)
rCorr  +         Warding  .     (no ring)
rMut   .         Stasis   .     (no ring)
MR     .....                    (no ring)
Stlth  ++........               (no ring)
                                (no ring)
                                (no ring)
                                (no ring)

@: brilliant, lethally poisoned (-4 -> -11), about to teleport, resistant, very
slightly contaminated, not resistant to hostile enchantments, unstealthy
A: almost no armour, amphibious, 8 rings, constrict 8, camouflage 1, gelatinous
body 1
a: no special abilities


You were on level 4 of the Dungeon.
You were hungry.

You visited 1 branch of the dungeon, and saw 4 of its levels.
You also visited: Sewer.

You collected 266 gold pieces.

Inventory:

Hand Weapons
 a - a +0 long sword (weapon)
Missiles
 i - 143 stones (quivered)
Armour
 b - a +1 shield (worn)
Wands
 u - a wand of lightning (1)
Scrolls
 f - a scroll of amnesia
 m - 4 scrolls of remove curse
Potions
 c - 2 potions of might
 e - a potion of haste
 q - a potion of resistance
Comestibles
 d - 3 bread rations
 j - a royal jelly
 n - a beef jerky
 p - a meat ration
 r - 5 fruits
 t - a slice of pizza


   Skills:
 + Level 6.8 Fighting
 + Level 6.4 Long Blades
 - Level 3.0 Dodging
 - Level 3.0 Shields


You had 7 spell levels left.
You didn't know any spells.

Dungeon Overview and Level Annotations

Branches:
Dungeon (4/15)
 Temple: D:4-7

Altars:
Makhleb
Trog
Vehumet
Yredelemnul


Innate Abilities, Weirdness & Mutations

You cannot wear most types of armour.
You are amphibious.
You can wear up to eight rings at the same time.
You can use your tentacles to constrict eight enemies at once.
Your skin changes colour to match your surroundings (Stealth).
Your rubbery body absorbs attacks (AC +1).


Message History

You feel strangely unstable.
* * * LOW HITPOINT WARNING * * *
You feel sick.
Read which item? (? for menu, Esc to quit)
Blink to where?
Press: ? - help, Dir - move target cursor You are very lightly contaminated with residual magic.
As you read the scroll of blinking, it crumbles to dust.
* * * LOW HITPOINT WARNING * * *
You feel sick.
Read which item? (? for menu, Esc to quit)
You have no spells to forget!
Unknown command.
Evoke which item? (* to show all) (? for menu, Esc to quit)
Zapping:
u - a wand of lightning (will waste charges)
Press: ? - help, Shift-Dir - straight line, f - you Really target yourself?
You hear a mighty clap of thunder!
The bolt of lightning hits you! You resist.
You die...

#....##P≈≈.# # ##.#..##≈≈≈.# ####
# ...#...#.≈P.# # ...# #
.###.#.#....# #.##.# #
.....#....### #.##.# ###
##.###.#..#########.#.#.#######..
##.....#...#.......###...........
.....###.#.§)######.#..######....
####.....#.)....@....#.######.###
##..###.#.#########........# #
#......#.# ########.###
#.##.#....... #...) #........####
###.# ########## ........#
#########


There were no monsters in sight!

Vanquished Creatures
  The ghost of Ordine the Cudgeler, an amateur MiBe of Trog (D:4)
  A phantom (D:4)
  An ogre (D:4)
  A giant frog (Sewer)
  The ghost of Clownie the Sneak, a weakling OpAs (D:3)
  An orc priest (D:3)
  A gnoll shaman (D:4)
  An orc wizard (D:3)
  A hound skeleton (D:4)
  3 gnolls (D:4)
  11 adders
  10 oozes
  2 worms
  11 giant geckos
  6 orcs
  16 ball pythons
  9 bats
  18 giant cockroaches
  12 hobgoblins
  3 jackals (D:1)
  5 kobolds
  A quokka (D:3)
  16 giant newts
  8 goblins
  7 rats
147 creatures vanquished.

Notes
Turn   | Place    | Note
--------------------------------------------------------------
     0 | D:1      | Ordine the Octopode Fighter began the quest for the Orb.
     0 | D:1      | Reached XP level 1. HP: 16/16 MP: 1/1
    91 | D:1      | Reached XP level 2. HP: 19/21 MP: 2/2
   306 | D:1      | Reached XP level 3. HP: 24/26 MP: 3/3
  1012 | D:2      | Found a bloodstained altar of Trog.
  1083 | D:2      | Reached skill level 4 in Fighting
  1208 | D:2      | Reached XP level 4. HP: 24/33 MP: 4/4
  1209 | D:2      | Found a burning altar of Makhleb.
  1209 | D:2      | Found a radiant altar of Vehumet.
  1762 | D:3      | Reached XP level 5. HP: 38/38 MP: 5/5
  1763 | D:3      | Noticed Clownie's ghost (weakling OpAs)
  1769 | D:3      | Killed Clownie's ghost
  1842 | D:3      | Found a glowing drain.
  1856 | Sewer    | Entered a sewer
  1966 | Sewer    | Reached skill level 5 in Fighting
  2293 | Sewer    | Reached XP level 6. HP: 40/45 MP: 6/6
  3069 | D:3      | Reached skill level 5 in Long Blades
  3631 | D:4      | Noticed Ordine's ghost (amateur MiBe)
  3641 | D:4      | Killed Ordine's ghost
  3641 | D:4      | Reached skill level 6 in Fighting
  3641 | D:4      | Reached XP level 7. HP: 36/52 MP: 7/7
  3816 | D:4      | HP: 2/52 [gnoll/spear (12)]
  4583 | D:4      | Found a basalt altar of Yredelemnul.
  5094 | D:4      | Reached XP level 8. HP: 7/58 MP: 8/8
  5097 | D:4      | HP: 2/58 [poisoned by a gnoll]
  5100 | D:4      | Shot themself with a bolt of lightning

Vault maps used:
D:1:      evilmike_arrival_plus
D:2:      amethyst_overflow_temple_binary, overflow_temple_1_default,
          first_bread
D:3:      kennysheep_six_static_rooms, portal_sewer_entry_f, item_on_display_a
D:4:      kennysheep_mini, yredelemnul_altar_generic, serial_bayou,
          serial_bayou_ford_a, serial_bayou_shore_a, serial_bayou_pond_e,
          serial_bayou_pond_d, hangedman_abyss_or_decor_stabs
Sewer:    sewer_frog_island_02

Action                   |  1- 3 |  4- 6 |  7- 9 || total
-------------------------+-------+-------+-------++-------
Melee: Long sword        |    67 |   190 |    44 ||   301
Throw: Stone             |       |     1 |     3 ||     4
  Use: Scroll            |     2 |     5 |     5 ||    12
       Potion            |       |     2 |     7 ||     9
 Stab: Sleeping          |     7 |    23 |     1 ||    31
       Distracted        |       |       |     1 ||     1
  Eat: Chunk             |     1 |     8 |     3 ||    12
       Fruit             |       |       |     1 ||     1
